 Dungeon Crawl Stone Soup version 0.24-a0-613-g1ff6aac338 (webtiles) character file.

Game seed: 7582837315020659818, levelgen mode: deterministic

58 Peloso the Shield-Bearer (level 3, -1/33 HPs)
             Began as a Minotaur Fighter on Sept 12, 2019.
             Slain by Grinder (3 damage)
             ... on level 3 of the Dungeon.
             The game lasted 00:03:08 (1865 turns).

Peloso the Shield-Bearer (Minotaur Fighter)         Turns: 1865, Time: 00:03:08

Health: -1/33      AC: 10    Str: 19 (20) XL:     3   Next: 75%
Magic:  2/2        EV:  5    Int:  2 (5)  God:
Gold:   106        SH:  9    Dex: 13 (14) Spells: 2/2 levels left

rFire    x . .     SeeInvis .   a - +0 long sword
rCold    + . .     Gourm    .   c - +0 shield
rNeg     . . .     Faith    .   b - +0 chain mail
rPois    .         Spirit   .   (helmet restricted)
rElec    .         Reflect  .   k - +0 cloak
rCorr    .         Harm     .   (no gloves)
MR       .....                  (no boots)
Stlth    ..........             (no amulet)
HPRegen  0.11/turn              m - ring of ice
MPRegen  0.08/turn              q - +4 ring of dexterity

@: no status effects
A: retaliatory headbutt, horns 2
a: no special abilities


You were on level 3 of the Dungeon.
You were very hungry.

You visited 1 branch of the dungeon, and saw 3 of its levels.

You collected 106 gold pieces.

Inventory:

Hand Weapons
 a - a +0 long sword (weapon)
Armour
 b - a +0 chain mail (worn)
 c - a +0 shield (worn)
 k - a +0 cloak (worn)
Jewellery
 m - a ring of ice (left hand)
 q - a +4 ring of dexterity (right hand)
Scrolls
 e - a scroll of noise
 g - a scroll of enchant armour {unknown}
 h - a scroll of teleportation
 i - 4 scrolls of remove curse {unknown}
 j - a scroll of fear {unknown}
 l - a scroll of identify {unknown}
 n - a scroll of immolation {unknown}
 o - a scroll of magic mapping {unknown}
 p - a scroll of random uselessness {unknown}
Potions
 d - a potion of might
Comestibles
 f - 6 rations


   Skills:
 + Level 4.1 Fighting
 + Level 2.9 Long Blades
 + Level 4.1 Armour
 + Level 0.6 Dodging
 + Level 4.5 Shields


You had 2 spell levels left.
You didn't know any spells.
Your spell library was empty.

Dungeon Overview and Level Annotations

Branches:
Dungeon (3/15)

Altars:

Annotations:
D:3 Grinder


Innate Abilities, Weirdness & Mutations

You reflexively headbutt those who attack you in melee.
You have a pair of horns on your head.


Message History

Grinder is severely wounded.
Grinder hits you.
* * * LOW HITPOINT WARNING * * *
You writhe in agony.
* * * LOW HITPOINT WARNING * * *
Grinder barely misses you. You furiously retaliate!
You headbutt Grinder.
Your shield and chain mail prevent you from hitting Grinder.
You headbutt Grinder.
Grinder is almost dead.
You block Grinder's attack.
You closely miss Grinder. Your headbutt misses Grinder.
Grinder is almost dead.
Grinder says, "DUCK!"
Grinder hits you but does no damage.
You closely miss Grinder.
Grinder is almost dead.
Grinder hits you!
* * * LOW HITPOINT WARNING * * *
You writhe in agony.
You die...

### #.. ..## ## #.. #
.. # #5#.#.#
#.#####+#@#...#
#...........# ####
#...........# ... ..
#...........####.# .#
.#####'#........###.#
#.######.......#
###.........###..#
(......(.........#..#
##############[.....#


You could see Grinder.

Vanquished Creatures
  2 adders (D:2)
  A dart slug (D:2)
  2 leopard geckos
  3 giant cockroaches
  2 goblins
  6 hobgoblins
  2 kobolds
  3 quokkas (D:2)
  A ball python (D:1)
  8 bats
  6 rats
36 creatures vanquished.

Notes
Turn   | Place    | Note
-------+----------+-------------------------------------------
     0 | D:1      | Peloso the Minotaur Fighter began the quest for the Orb.
     0 | D:1      | Reached XP level 1. HP: 19/19 MP: 0/0
    62 | D:1      | Reached XP level 2. HP: 14/27 MP: 1/1
   803 | D:2      | Reached XP level 3. HP: 28/33 MP: 2/2
  1833 | D:3      | Found a faded altar of an unknown god.
  1853 | D:3      | Noticed Grinder
  1865 | D:3      | Slain by Grinder

Levels and vault maps discovered:
D:1:      dpeg_arrival_boxes_within_box, layout_basic, minmay_misc_feat_roman
D:2:      layout_basic, minmay_fountain_box
D:3:      lemuel_castle_with_subvaults [lemuel_castle_interior_original],
          layout_basic, chequers_ecumenical_altar_simple, uniq_grinder,
          uniq_crazy_yiuf_cottage, uniq_terence

Skill      XL: |  1  2 |
---------------+-------+-----
Shields        | 4 |  4.5
Fighting       | 4 |  4.1
Armour         | 4 |  4.1
Long Blades    | |  2.9
Dodging        | |  0.6

Action                   || total
-------------------------++-------
Melee: Long sword        ||   108
       Headbutt          ||     9
  Use: Potion            ||     5
       Scroll            ||     2
  Eat: Chunk             ||     2
Armor: Scale mail        ||    55
       Chain mail        ||    23
       Skin              ||     8
Dodge: Dodged            ||    26
Block: Shield            ||    81
       Rpst.: Long sword ||     7

Table legend:
 A = Non-vault XP
 B = Vault XP
 C = Vault XP percentage of total XP
 D = Non-vault monster count
 E = Vault monster count
 F = Vault count percentage of total count
                 A         B        C        D         E       F
            +---------+---------+-------+---------+---------+-------
      Total |      83 |       0 |   0.0 |      36 |       0 |   0.0
            +---------+---------+-------+---------+---------+-------
        D:1 |      20 |       0 |   0.0 |      12 |       0 |   0.0
        D:2 |      58 |       0 |   0.0 |      21 |       0 |   0.0
        D:3 |       5 |       0 |   0.0 |       3 |       0 |   0.0
            +---------+---------+-------+---------+---------+-------
